[Event "European Women-ch 2023"]
[Site "Petrovac"]
[Date "2023.03.21"]
[Round "4.14"]
[White "Makka, Ioulia"]
[Black "Zimina, Olga"]
[Result "0-1"]
[ECO "C65"]
[WhiteElo "1949"]
[BlackElo "2295"]
[Annotator "TA"]
[PlyCount "80"]
[EventDate "2023.03.15"]
[EventType "swiss"]
[EventCountry "MNE"]
[SourceTitle "playchess.com"]
[Source "ChessBase"]
[SourceQuality "1"]
[TimeControl "40/5400+30:1800+30"]

1. e4 e5 2. Nf3 Nc6 3. Bb5 Nf6 4. d3 Bc5 5. Bxc6 dxc6 6. O-O {[%emt 0:01:14] C65: Ruy Lopez: Berlin Defence (3...Nf6), unusual lines and 4 0-0 Bc5.} Nd7 7. Nbd2 {[%emt 0:02:14] 7.c3 is the hot move.} f6 8. b3 {[%emt 0:08:28] The position is equal.} Nf8 9. Bb2 Be6 10. Re1 Qd7 11. a3 {[%emt 0:02:19] [#]} a6 $146 ({Predecessor:} 11... Ng6 12. Nf1 Rd8 13. Bc1 Be7 14. Be3 c5 15. Ng3 a5 16. a4 h5 17. h3 h4 {½-½ Kravtsiv,M (2641)-Steingrimsson,H (2574) EU-ch 17th Gjakova 2016 (9)}) 12. Bc3 (12. b4 $15 Ba7 13. Nf1) 12... g5 $17 {[%emt 0:03:04][%cal Bg7g5,Bg5g4][%mdl 32] Black is more active.} 13. Nf1 O-O-O 14. Qc1 (14. Ne3 $17) 14... Ng6 $19 15. Qb2 (15. Ne3 {keeps fighting.}) 15... g4 16. N3d2 h5 17. b4 Ba7 18. Nb3 Bxb3 19. Qxb3 h4 {[%emt 0:00:06][%cal Og4g3] ...g3! would be deadly.} 20. Ne3 $2 {[%emt 0:03:31] [#]} (20. Bd2 g3 21. Be3 gxh2+ 22. Nxh2) 20... g3 $1 21. fxg3 (21. hxg3 hxg3) 21... hxg3 22. hxg3 Qg4 ({And not} 22... Qh7 23. Qe6+ (23. Kf2 $2 Qh2 $17) 23... Kb8 24. Qh3 $17 (24. Kf2 Qh2 $17)) 23. Kf2 Rhg8 {[%emt 0:04:34][%cal Og6f4] And now ...Nf4! would win.} 24. d4 Qxe4 25. Qe6+ Kb8 26. Qf5 Qxf5+ 27. Nxf5 exd4 ({Weaker is} 27... Bxd4+ 28. Bxd4 exd4 29. Rad1 $17) 28. Bd2 d3+ 29. Be3 dxc2 {[%emt 0:00:42] [#] aiming for ...Ne5.} 30. Bxa7+ Kxa7 {[%emt 0:00:03] Black is clearly winning.} 31. Rac1 Ne5 32. Rxc2 Nd3+ 33. Kf1 Rg5 34. Ne3 Nxe1 35. Kxe1 {[%emt 0:00:10][%mdl 4096] Endgame KRR-KRN} Rd3 36. Kf2 Rxa3 37. Rc4 Re5 38. Ng4 Rd5 39. Rf4 Rd2+ 40. Kg1 Rxg3 {[%emt 0:00:00] Black took control after the opening.   Weighted Error Value: White=0.61/Black=0.19 (very precise)} 0-1

[Event "European Women-ch 2023"]
[Site "Petrovac"]
[Date "2023.03.21"]
[Round "4.15"]
[White "Lazarne Vajda, Szidonia"]
[Black "Kobak, Polina"]
[Result "1-0"]
[ECO "D02"]
[WhiteElo "2294"]
[BlackElo "1815"]
[Annotator "TA"]
[PlyCount "111"]
[EventDate "2023.03.15"]
[EventType "swiss"]
[EventCountry "MNE"]
[SourceTitle "playchess.com"]
[Source "ChessBase"]
[SourceQuality "1"]
[TimeControl "40/5400+30:1800+30"]

1. d4 d5 2. Nf3 Nf6 3. Bf4 c5 4. e3 Nc6 5. Nbd2 e6 6. c3 Bd6 7. Bg3 O-O 8. Bd3 b6 9. Ne5 {[%emt 0:04:40] D02: 1 d4 d5 2 Nf3 sidelines, including 2...Nf6 3 g3 and 2...Nf6 3 Bf4.} Qc7 10. f4 Bb7 {[%emt 0:08:57] 10...Bb7 is better than 10...Ne7.} 11. Bh4 {[%emt 0:07:08] The position is equal.} Be7 12. Bxf6 {[%emt 0:06:02][%mdl 64] Remove Defender} Bxf6 13. O-O (13. Qg4 {is interesting.} a5 14. O-O Bd8 15. Qh3) 13... g6 {[%emt 0:20:11] [#]} 14. Qg4 $146 ({Predecessor:} 14. g4 Bg7 15. Nxc6 Bxc6 16. g5 b5 17. Nf3 b4 18. Ne5 Rab8 19. Rf2 Bb5 20. Bxb5 Rxb5 {0-1 Lopez Quevedo,E (2197)-Arias Igual,A (2279) ESP-chT Rapid 2022 (8)}) 14... Bg7 15. Nxc6 (15. Ndf3 {looks sharper.} Ne7 16. Qh3 Qc8 17. Bb5) 15... Bxc6 16. h4 Qd7 17. Qe2 f6 18. h5 e5 (18... f5 $11) 19. hxg6 $14 {[%emt 0:19:14] White is more active.} e4 $1 20. gxh7+ Kh8 $1 21. Ba6 Qf5 (21... f5 $14) 22. Kf2 (22. dxc5 $18 bxc5 23. Nb3 (23. Bb5 Bxb5 24. Qxb5 Rab8 $16)) 22... Kxh7 $2 (22... Rf7 $16 23. Rh1 Bf8) 23. Rh1+ $18 Kg8 24. Rh5 Qd7 25. Rah1 Rf7 26. Rh7 Kf8 27. Qh5 {[%emt 0:00:13] Threatens to win with Qg6.} Ke7 28. Rh3 Raf8 29. Be2 f5 30. g4 (30. Qg6 $18 Bf6 31. dxc5 bxc5 32. g4 fxg4 33. Bxg4) 30... Kd8 (30... cxd4 $16 {was worth a try.} 31. cxd4 fxg4 32. Bxg4 Qd6) 31. gxf5 {[%emt 0:00:59] dxc5 would be deadly.} Qe7 (31... cxd4 {was called for.} 32. cxd4 Qc7) 32. Qg6 Bd7 {[%emt 0:00:56] [#]} 33. Bg4 {[%emt 0:01:00] dxc5 is the strong threat.} cxd4 (33... Bf6 {is a better defense.} 34. dxc5 bxc5) 34. cxd4 Bf6 35. a3 Kc8 (35... Be8 $142 36. Nb1 Qd6) 36. Nb1 Be8 37. Nc3 Qd6 (37... Qd8 38. Be2 Kb8) 38. Rxf7 Bxf7 39. Qh7 ({White must play} 39. Nb5 $1 $18 Qe7 40. Rh7 (40. Nxa7+ Kb7 $17) 40... Bxg6 41. Rxe7 Bxe7 42. fxg6+ Kd8 43. Be6 (43. Nxa7 Bh4+ 44. Kg2 Ke7 $18)) 39... Qd7 ({Better is} 39... Bxd4 $1 $14 40. f6+ Kb8 41. exd4 Qxf4+ 42. Ke1 Qxg4) 40. Bh5 {[%emt 0:00:00] aiming for Bxf7.} Rh8 41. Qxf7 Qxf7 42. Bxf7 Rxh3 43. Nxd5 {[%emt 0:01:36][%mdl 4096] Endgame KRB-KBN} (43. Bxd5 $6 Bh4+ 44. Ke2 Rh2+ 45. Kd1 Bf2 $16) 43... Bh4+ 44. Kg2 Rg3+ 45. Kh2 Rf3 46. Bh5 Rf2+ (46... Rf1 47. Kh3 (47. f6 Kd7 $16) 47... Rh1+ 48. Kg4 Kd7) 47. Kh3 Bd8 48. f6 {[%emt 0:00:51] White threatens f7 and mate.} Kd7 49. f7 Be7 {[%emt 0:00:04] [#]} 50. Nf6+ $1 {[%emt 0:05:32][%mdl 576] Double Attack} Ke6 51. Nh7 (51. Nxe4 Rxb2 52. Bg6 Bf8 53. f5+ Ke7 $18) 51... Rxb2 52. f8=Q ({Not} 52. f8=B Bxf8 53. Nxf8+ Kf6 54. Nd7+ Ke7 $18) 52... Bxf8 53. Nxf8+ Ke7 (53... Kf6 $142 54. Nd7+ Ke7) 54. Nh7 {[%emt 0:00:30] Strongly threatening f5. White is clearly winning.} Rb3 55. f5 {[%emt 0:00:44] And now f6+ would win.} Rxe3+ 56. Kg2 {[%emt 0:00:36] Weighted Error Value: White=0.34/Black=0.53} 1-0

[Event "European Women-ch 2023"]
[Site "Petrovac"]
[Date "2023.03.21"]
[Round "4.15"]
[White "Paasikangas, Johanna"]
[Black "Zhezhovska, Monika"]
[Result "1-0"]
[ECO "D37"]
[WhiteElo "2115"]
[BlackElo "1761"]
[Annotator "TA"]
[PlyCount "97"]
[EventDate "2023.03.15"]
[EventType "swiss"]
[EventCountry "MNE"]
[SourceTitle "playchess.com"]
[Source "ChessBase"]
[SourceQuality "1"]
[TimeControl "40/5400+30:1800+30"]

1. d4 d5 2. c4 e6 3. Nc3 Nf6 4. Nf3 a6 5. e3 Be7 6. b3 {[%emt 0:02:02] D37: Queen's Gambit Declined: 5 Bf4.} O-O 7. Be2 Nbd7 8. O-O {[%emt 0:02:26] The position is equal.} b6 9. Bb2 Bb7 10. Qc2 c5 11. Rfd1 Qc7 (11... cxd4 $11 12. exd4 Rc8) 12. Rac1 (12. cxd5 $14 exd5 13. dxc5) 12... Rac8 (12... dxc4 $11 13. Bxc4 cxd4 14. Nxd4 Bd6) 13. cxd5 $14 exd5 14. Qf5 {[%emt 0:04:34] [#]} g6 $146 ({Predecessor:} 14... Qd6 15. h3 Qe6 16. Bd3 Rfd8 17. Na4 Qxf5 18. Bxf5 g6 19. Bd3 Ne4 20. dxc5 Nexc5 21. Nxc5 Nxc5 {0-1 Willemsma,A (2121)-Nisavic,U (1963) Bodensee op Bregenz 2019 (5)}) 15. Qh3 Rfd8 16. Ng5 Nf8 ({Better is} 16... h5 $14) 17. Na4 {[%emt 0:04:04] White has more active pieces.} (17. dxc5 $16 {Hoping for Na4.} bxc5 18. Na4) 17... Ne4 (17... N6d7 $14 18. Qh6 Bf6) 18. Nxe4 $16 dxe4 19. dxc5 Rxd1+ (19... bxc5 $142 20. Qg3 (20. Qh6 Ne6 $14) 20... Qxg3 21. hxg3 Ne6) 20. Bxd1 {[%emt 0:01:04] Threatens to win with Bg4.} bxc5 21. Be2 ({Don't do} 21. Qh6 Ne6 $14) 21... Qd6 22. Rd1 ({Don't take} 22. Qh6 Ne6 $14) 22... Qc6 ({Black should play} 22... Qc7) 23. Qg3 Qc7 24. Ba3 (24. Be5 $18 {and White stays clearly on top.} Qa5 25. Bc4) 24... Ne6 25. Qxc7 Rxc7 26. Bc4 Nf8 {[%emt 0:03:17] [#]} (26... Kf8 $142) 27. Nb6 $1 Bc6 28. Bd5 (28. Nd5 $142 Bxd5 29. Bxd5 (29. Rxd5 Nd7 $16)) 28... Nd7 (28... Ne6 $16 {was necessary.}) 29. Bxc6 $18 Nxb6 30. Bxe4 c4 {[%emt 0:01:16] [#]} 31. Bxe7 Rxe7 {[%emt 0:00:09][%mdl 4096] Endgame KRB-KRN} 32. Bc2 cxb3 33. Bxb3 Rd7 (33... Ra7 $16 34. Rd6 Nd7) 34. Rxd7 Nxd7 {[%emt 0:00:06] KB-KN} 35. Kf1 Kf8 36. Ke2 Nc5 (36... Ke7 {keeps fighting.} 37. e4 g5) 37. f3 Ke7 38. Kd2 f6 39. Kc3 Kd6 40. Bg8 h6 41. Kd4 g5 42. Bc4 a5 43. g3 Nd7 44. f4 {[%emt 0:02:57] Prevents Ne5} Nc5 45. e4 {[%emt 0:00:30] e5+ is the strong threat.} gxf4 46. gxf4 {[%emt 0:00:08] Strongly threatening e5+.} Nd7 47. Bb5 {[%emt 0:01:57] Bxd7 would be deadly.} h5 $2 (47... Nf8 $18 48. e5+ fxe5+ 49. fxe5+ Ke6) 48. Bxd7 Kxd7 49. Kc5 {[%emt 0:00:30] Weighted Error Value: White=0.15 (very precise) /Black=0.44} 1-0

[Event "European Women-ch 2023"]
[Site "Petrovac"]
[Date "2023.03.21"]
[Round "4.16"]
[White "Stefanova, Antoaneta"]
[Black "Jarocka, Liwia"]
[Result "0-1"]
[ECO "A11"]
[WhiteElo "2435"]
[BlackElo "2181"]
[Annotator "TA"]
[PlyCount "66"]
[EventDate "2023.03.15"]
[EventType "swiss"]
[EventCountry "MNE"]
[SourceTitle "playchess.com"]
[Source "ChessBase"]
[SourceQuality "1"]
[TimeControl "40/5400+30:1800+30"]

1. Nf3 d5 2. c4 c6 3. g3 Nf6 4. Bg2 dxc4 5. O-O Nbd7 6. Qc2 Nb6 7. Na3 Be6 {[%emt 0:05:06] A11: English Opening: 1...c6.} 8. Re1 {[%emt 0:16:51] [#]} h6 $146 {[%emt 0:10:03] Repels Ng5} ({Predecessor:} 8... g6 9. Ng5 Qd7 10. Nxe6 Qxe6 11. b3 cxb3 12. axb3 Bg7 13. Bb2 O-O 14. e4 Rfd8 15. d4 {½-½ Carlsen,M (2859)-Le,Q (2728) Meltwater Tour Final rapid 2022 (5.3)}) 9. e4 g6 {[%emt 0:06:03] The position is equal.} (9... Qd3 {keeps more tension.} 10. Qd1 Bg4 11. b3 e6) 10. Bf1 Bg7 11. Ne5 {[%emt 0:01:32] [#]} (11. Nxc4 $11 O-O 12. d3) 11... Ng4 (11... h5 $1 $17) 12. Nxg4 $15 Bxg4 13. Nxc4 Nxc4 14. Qxc4 Be6 15. Qc2 Qb6 ({Black should play} 15... h5 $17) 16. d3 O-O-O 17. e5 Bf5 (17... h5 $11) 18. Be3 $14 Qb5 19. Bxa7 (19. f4 {simplifies} g5 20. a4 Qd5 21. Bxa7 Bxd3 22. Bxd3 Qxd3 23. Qf2) 19... Bxe5 20. Bc5 Rd5 (20... Bxb2 $2 21. Rab1 Rd7 22. Rxb2 $18) (20... Qxb2 21. Qa4 Bd4 22. Qa8+ Kc7 23. Qa5+ Kc8 24. Bxd4 (24. Bxe7 $2 Qxf2+ 25. Kh1 Qg1#) 24... Qxd4 25. Rab1 $16 (25. Rxe7 Rd7 $14)) 21. Bxe7 (21. Rxe5 $14 {stays ahead.} Rxe5 22. Bd4) 21... Qxb2 $17 {[%emt 0:01:17] Black is more active.} 22. Qa4 {[%emt 0:00:17] This move loses the game for White.} (22. Rac1 $17) 22... Bd4 $19 ({Much less strong is} 22... Bxd3 23. Bxd3 Bd4 24. Be2 $18) (22... Qxa1 23. Rxa1 Bxa1 24. Bb4 $14) 23. Kh1 (23. Be2 $142 Qb5 24. Qxb5 Rxb5 25. Rac1) 23... Qxf2 24. Bg2 Bxa1 25. Rb1 (25. Rxa1 Qb2 26. Rf1) 25... Rb5 26. Rxa1 Re8 27. Rf1 Qb6 28. Bd6 Rb1 {[%emt 0:00:47] ( -> ...Ree1)} ({Not} 28... Bxd3 29. Qa8+ (29. Rxf7 $2 {perishes.} Rb1+ $19) 29... Kd7 30. Rxf7+ Kxd6 31. Qxe8 Rb1+ 32. Bf1 Bxf1 33. Qf8+ Ke5 34. Rxf1 $19) 29. Qc2 Rxf1+ {[%emt 0:00:42][%mdl 64] Remove Defender} 30. Bxf1 Re1 31. Kg2 Qd4 {[%emt 0:00:51] Black mates.} 32. Bc5 Qd5+ 33. Kf2 {[%emt 0:00:03] [#]} Rxf1+ $1 {[%emt 0:00:05][%mdl 64] Remove Defender. A cool game by Jarocka.   Weighted Error Value: White=1.03/Black=0.44} 0-1

[Event "European Women-ch 2023"]
[Site "Petrovac"]
[Date "2023.03.21"]
[Round "4.16"]
[White "Dwilewicz, Katarzyna"]
[Black "Humbatova, Nazli"]
[Result "1-0"]
[ECO "C01"]
[WhiteElo "2114"]
[BlackElo "1737"]
[Annotator "TA"]
[PlyCount "107"]
[EventDate "2023.03.15"]
[EventType "swiss"]
[EventCountry "MNE"]
[SourceTitle "playchess.com"]
[Source "ChessBase"]
[SourceQuality "1"]
[TimeControl "40/5400+30:1800+30"]

1. e4 e6 2. d4 d5 3. Bd3 c5 4. exd5 exd5 5. Nf3 c4 6. Be2 {[%emt 0:00:06] C01: French: Exchange Variation.} Bd6 7. O-O Nf6 8. b3 {[%emt 0:03:01] The position is equal.} cxb3 $1 9. axb3 O-O 10. c4 dxc4 (10... Nc6 $11 {keeps the balance.}) 11. bxc4 $16 Nc6 12. Bg5 {[%emt 0:02:50] [#]} Re8 $146 ({Predecessor:} 12... Bg4 13. Nc3 Bxf3 14. Bxf3 Nxd4 15. Bxb7 Rb8 16. Bd5 Bc5 17. Ne4 Qb6 18. Nxf6+ gxf6 {1-0 Damasco,R (2005)-Collins,P Olympiad Women-31 1994 (14)}) 13. Nc3 h6 14. Bh4 (14. Bxf6 $16 Qxf6 15. c5) 14... g5 $11 15. d5 gxh4 16. dxc6 bxc6 17. Qd2 {[%emt 0:09:16] And now Rfd1 would win.} Bb4 18. Qxd8 Rxd8 19. Na2 Bc5 20. Nxh4 {[%emt 0:01:29] [#]} (20. Nc3 $15) 20... Rd2 {[%emt 0:03:17] White is weak on the dark squares} (20... Ne4 $1 $17 {Strongly threatening ...a5.} 21. Nc1 a5) 21. Nc1 $15 Bg4 22. Nb3 {[%emt 0:13:40][%csl LRc5,LRd2] aiming for Bxg4.} (22. Nf3 $5 Rc2 23. h3 $11) 22... Bxe2 {[%emt 0:02:10] A strong pair of Bishops.} 23. Nxd2 Bxf1 24. Kxf1 Bd4 (24... a5 $11) 25. Ra6 $14 Bb6 26. Nf5 Rd8 27. Ke2 Ng4 (27... Re8+ $11 28. Kf1 Re5) 28. Ne4 $16 ({Reject} 28. Ne7+ $6 Kf8 29. Nxc6 Re8+ 30. Kf3 Nxh2+ 31. Kg3 Re2 $11) 28... Re8 29. Kd3 {[%emt 0:06:33] Hoping for f3.} (29. Kf3 $5 ) 29... Rd8+ (29... Re5 $11 30. f3 Nf2+ 31. Nxf2 Rxf5) 30. Kc2 {[%emt 0:00:49] c5 would be deadly. White is more active.} Nxf2 31. Nxf2 Bxf2 32. Nxh6+ {[%emt 0:02:13][%mdl 4096] Endgame KRB-KRN} Kg7 33. Rxc6 f6 34. Nf5+ Kg6 35. Nd6 ({White should try} 35. Rd6 Rxd6 36. Nxd6) 35... Bg1 {[%emt 0:00:40] [#]} 36. h3 $1 Be3 37. Kd3 Bf4 (37... Bg1 $16 {might work better.} 38. Ke4 Rh8) 38. c5 $18 Rd7 39. Ke4 Be5 (39... Bh2 {was worth a try.} 40. Kd5 Rh7) 40. Kd5 Rd8 $2 (40... Re7 41. Rc8 Bf4) 41. Rc8 Rxc8 42. Nxc8 {[%emt 0:00:19][%cal Oc5c6] c6! is the strong threat. KB-KN} a5 43. Nb6 Kg5 44. Ke6 {[%emt 0:10:35] Threatens to win with g4.} Kf4 45. g4 Kg5 46. c6 Bg3 47. Na4 Bh2 48. Nc5 {[%emt 0:00:11] Intending Ne4+ and mate.} ({Less strong is} 48. Kd7 Kh4 $16) 48... Bf4 49. Ne4+ {[%emt 0:00:58] White mates.} (49. Kd7 Kh4 $11) 49... Kh4 50. Kxf6 a4 51. Nc3 a3 52. Kf5 Bc7 53. g5 Kxh3 54. g6 {[%emt 0:00:08] Weighted Error Value: White=0.12 (very precise) /Black=0.35} 1-0

[Event "European Women-ch 2023"]
[Site "Petrovac"]
[Date "2023.03.21"]
[Round "4.17"]
[White "Sargsyan, Anna M."]
[Black "Lach, Aleksandra"]
[Result "1-0"]
[ECO "B75"]
[WhiteElo "2371"]
[BlackElo "2170"]
[Annotator "TA"]
[PlyCount "67"]
[EventDate "2023.03.15"]
[EventType "swiss"]
[EventCountry "MNE"]
[SourceTitle "playchess.com"]
[Source "ChessBase"]
[SourceQuality "1"]
[TimeControl "40/5400+30:1800+30"]

1. e4 c5 2. Nf3 d6 3. d4 cxd4 4. Nxd4 Nf6 5. Nc3 g6 6. Be3 Bg7 7. f3 a6 8. Qd2 h5 {[%emt 0:01:45] B75: Sicilian Dragon: Yugoslav Attack, Miscellaneous.} 9. h3 {[%emt 0:00:53] White is more active. 9.Be2 is setting a new trend.} Nbd7 10. O-O-O Qc7 {[%emt 0:19:49] [#] The position is equal.} 11. f4 $146 ({Predecessor:} 11. Rg1 Ne5 12. g4 hxg4 13. hxg4 Be6 14. g5 Nh7 15. f4 Nc4 16. Bxc4 Qxc4 17. f5 {1-0 Perez Mitjans,O (2403)-Gonzalez Rodriguez,R (2196) Vallfogona rapid op 25th 2017 (9)}) 11... b5 12. f5 $1 {[%emt 0:13:17] fxg6 would be deadly.} Ne5 13. fxg6 Nxg6 (13... fxg6 $11 14. Nf3 Be6) 14. Kb1 $1 $16 Bd7 15. Bd3 Ne5 16. Bg5 $1 b4 17. Nce2 Qb7 {[%emt 0:04:09] [#]} (17... Qc5 $14) 18. Ng3 $1 e6 {[%emt 0:03:40] Wards off Ndf5. This move loses the game for Black.} (18... Rg8 $16 {was called for.}) 19. Rhf1 $18 h4 20. Bxf6 Bxf6 21. Rxf6 hxg3 {[%emt 0:00:01] [#]} 22. Nf3 $1 Bc6 23. Nxe5 dxe5 24. Rdf1 O-O-O 25. Rxf7 Qb6 26. Qg5 Qd4 27. Qe7 ({But not} 27. Bxa6+ Kb8 28. Bd3 (28. Qxg3 $2 Qd1+ {[%mdl 64] Back Rank} 29. Rxd1 Rxd1#) 28... Rc8 29. Qxg3 Bxe4 30. Bxe4 Qxe4 $18) (27. Qxg3 Bxe4 28. Rc1 (28. Bxa6+ Kb8 $18) 28... Rhg8 29. Bxa6+ Kb8 $18) 27... Bd7 28. Rd1 Rhe8 $2 (28... Kb8 29. Be2 {[%mdl 64] Discovered Attack} Qb6) 29. Bxa6+ {[%emt 0:00:22] White is clearly winning.} Kc7 30. Qxd7+ Rxd7 31. Rxd7+ (31. Rxd4 $2 {loses.} Rxf7 32. Rxb4 Rb8 33. Rxb8 Kxb8 $19) 31... Kb6 32. R1xd4 exd4 33. Be2 Rf8 34. Bf3 {[%emt 0:00:07] Weighted Error Value: White=0.04 (flawless) /Black=0.28 (precise)} 1-0

[Event "European Women-ch 2023"]
[Site "Petrovac"]
[Date "2023.03.21"]
[Round "4.17"]
[White "Spalir, Monika"]
[Black "Bakalarz, Grazyna"]
[Result "1-0"]
[ECO "C42"]
[WhiteElo "2125"]
[BlackElo "1847"]
[Annotator "TA"]
[PlyCount "83"]
[EventDate "2023.03.15"]
[EventType "swiss"]
[EventCountry "MNE"]
[SourceTitle "playchess.com"]
[Source "ChessBase"]
[SourceQuality "1"]
[TimeControl "40/5400+30:1800+30"]

1. e4 e5 2. Nf3 Nf6 3. Nxe5 Nxe4 4. Qe2 Qe7 5. Qxe4 d6 $1 {[%emt 0:00:10] [#]} 6. Nc3 {[%emt 0:06:05] C42: Petroff Defence: 3 Nxe5 and unusual White 3rd moves.} Qxe5 7. Qxe5+ dxe5 8. Bc4 {[%emt 0:00:14] The position is equal.} (8. d4 $5 ) 8... Bc5 9. d3 O-O 10. Be3 {[%emt 0:00:25] [#]} Bxe3 $146 ({Predecessor:} 10... Bb4 11. O-O Bxc3 12. bxc3 Nc6 13. f4 Re8 14. Rae1 Be6 15. Bxe6 Rxe6 16. fxe5 Rxe5 {0-1 Lavrov,M (2401)-Ponkratov,P (2631) EU-ch Online 2300+ Qual 2020 (2)}) 11. fxe3 c6 12. O-O b5 (12... Nd7 $14) 13. Bb3 {[%emt 0:00:15][%cal Of1f7] aiming for Rxf7! White is more active.} Be6 14. Bxe6 fxe6 15. Rxf8+ Kxf8 $16 {[%emt 0:00:02][%mdl 4096] Endgame KRN-KRN} 16. Ne4 Ke7 17. a4 b4 18. a5 Na6 19. Kf2 Rb8 20. Ke2 Rb5 21. b3 Nc5 22. Nd2 a6 23. Nc4 Nb7 24. Kd2 Nc5 (24... e4 $11) 25. Ke2 ({Much worse is} 25. Nxe5 Nxb3+ 26. cxb3 Rxe5 $11) 25... Nb7 26. Ra2 Kf6 27. Ra4 Ke7 28. Ra1 Kf6 29. Kd2 Nc5 30. Nd6 Rb8 31. d4 (31. Rf1+ $16 Ke7 32. Nc4) 31... exd4 32. exd4 Nb7 (32... Nd7 $14) 33. Ne4+ Ke7 {[%emt 0:04:24] [#]} 34. Kd3 ({Better is} 34. Ra4 $1 $16 c5 35. dxc5 (35. Nxc5 Nxc5 36. dxc5 Rb5 $14)) 34... Rf8 {[%emt 0:02:46] [#]} (34... e5 $14) 35. Ra4 $1 Rf5 $2 (35... Rb8 36. Ke3 (36. Rxb4 Nc5+ 37. Nxc5 Rxb4 $14) 36... c5) 36. Rxb4 $18 Nxa5 {[%emt 0:00:57] White is clearly winning.} 37. Rb6 e5 (37... Rb5 $142) 38. b4 exd4 39. bxa5 Rxa5 40. Rxc6 Ra1 41. Rc7+ Kf8 42. Kxd4 {[%emt 0:00:20] Weighted Error Value: White=0.20 (precise) /Black=0.33} 1-0

[Event "European Women-ch 2023"]
[Site "Petrovac"]
[Date "2023.03.21"]
[Round "4.18"]
[White "Gaboyan, Susanna"]
[Black "Melia, Salome"]
[Result "1/2-1/2"]
[ECO "B20"]
[WhiteElo "2160"]
[BlackElo "2366"]
[Annotator "TA"]
[PlyCount "95"]
[EventDate "2023.03.15"]
[EventType "swiss"]
[EventCountry "MNE"]
[SourceTitle "playchess.com"]
[Source "ChessBase"]
[SourceQuality "1"]
[TimeControl "40/5400+30:1800+30"]

1. e4 c5 2. Nc3 e6 3. Bc4 a6 4. a4 Ne7 5. d3 Nbc6 6. Nf3 {[%emt 0:03:46] B20: Sicilian: Unusual White 2nd moves.} d5 7. Bb3 d4 8. Ne2 {[%emt 0:01:04] [#]} g6 $146 ({Predecessor:} 8... Ng6 9. h4 Be7 10. h5 Nh4 11. Nxh4 Bxh4 12. g3 Bf6 13. f4 e5 14. f5 h6 {1-0 Sochor,J (2243)-Novacek,J (2137) CZE-chT2B 1415 2014 (7.3)}) 9. h4 h6 10. Ng3 Bg7 11. O-O O-O 12. e5 Qc7 (12... Bxe5 $2 13. Nxe5 (13. Bxh6 Bg7 $16) 13... Nxe5 14. Bxh6 $18) 13. Bf4 (13. Re1 $11) 13... Nd5 $15 (13... Bxe5 $2 14. Nxe5 (14. Bxh6 Bg7 $16) 14... Nxe5 15. Re1 $18) 14. Bxd5 exd5 15. Qd2 Kh7 ({Don't play} 15... Bxe5 16. Nxe5 (16. Bxh6 Re8 $11) 16... Nxe5 17. Rae1 $18 (17. Bxh6 Re8 $11)) 16. e6 Qd8 17. exf7 Rxf7 {[%emt 0:00:03] ...Qf6 is the strong threat.} 18. h5 (18. Rfe1 $17 {might work better.}) 18... Qf6 19. hxg6+ (19. Bg5 $142 Qd6 20. hxg6+ Qxg6 21. Bf4) 19... Kxg6 $19 20. Ne2 Bg4 $1 {[%emt 0:00:17] Hoping for ...Kh7.} 21. Bg3 (21. Kh1 {was called for.}) 21... Bxf3 22. Nf4+ Kh7 23. gxf3 Qg5 24. Rad1 Ne5 (24... Qf5 $142 25. c4 dxc3 26. bxc3 d4) 25. Kg2 {[%emt 0:01:25] [#]} Nxf3 $1 {[%emt 0:00:58][%mdl 576] Clearance} 26. Kxf3 Be5 27. Rde1 Bxf4 28. Bxf4 Raf8 (28... Qh5+ $142 29. Kg2 Rg8+ 30. Bg3 Qf3+ 31. Kg1 Rfg7) 29. Ke2 $17 Qh5+ 30. f3 {[%emt 0:00:08] And now Rh1 would win.} Rxf4 31. Qa5 Rxf3 32. Rxf3 Rxf3 {[%emt 0:03:03][%mdl 4096] Endgame KQR-KQR} 33. Kd2 Qh2+ (33... Qg5+ $1 $17 34. Kd1 Re3 35. Qc7+ Qg7) 34. Kd1 Qd6 35. Qd2 (35. Kc1 $17 {keeps fighting.}) 35... b5 $19 36. axb5 axb5 37. Qa5 {[%emt 0:00:03] [#]} Re3 (37... Rf7 $1 $17 {White must now prevent ...c4.} 38. Qa8 Rg7) 38. Qa7+ $11 Kg6 {[%emt 0:00:18] Strongly threatening ...Rxe1+.} 39. Rg1+ Rg3 $1 40. Rf1 {[%emt 0:00:00] White wants to mate with Qf7+.} Qe6 {[%emt 0:00:00] Prevents Qf7+} 41. Qxc5 h5 42. Qf8 h4 43. Re1 {[%emt 0:01:01] Chess con chili.} Qf7 44. Qd6+ Kh5 {[%emt 0:01:25] ...Kg4 would be deadly.} 45. Qe5+ Kg6 46. Qd6+ Kh5 ({Better is} 46... Kg5 $11 47. Qe5+ Kg4 48. Qxd4+ Qf4 49. Qxd5 Qf3+ 50. Qxf3+ Kxf3 51. Rf1+ Kg4) 47. Qe5+ $17 {[%emt 0:00:07] [#]} Kg6 ({Black should try} 47... Kg4 $1 48. Qxd4+ Qf4) 48. Qd6+ {[%emt 0:02:46] And White is the lucky defender.   Weighted Error Value: White=0.18 (very precise) /Black=0.20 (precise)} 1/2-1/2